 Dungeon Crawl Stone Soup version 0.30.1-9-gdf580d7c3d (webtiles) character file.

Game seed: 7509356275095581112

4550 Cheops the Arsonist (level 10, -1/75 HPs)
             Began as a Naga Fire Elementalist on Oct 11, 2023.
             Was a High Priest of Cheibriados.
             Slain by a yak (12 damage)
             ... on level 5 of the Dungeon.
             The game lasted 00:48:38 (12921 turns).

Cheops the Arsonist (Naga Fire Elementalist)       Turns: 12921, Time: 00:48:38

Health: -1/75      AC:  9    Str: 22    XL:     10   Next: 40%
Magic:  10/15      EV: 10    Int: 31    God:    Cheibriados [*****.]
Gold:   701        SH:  5    Dex: 22    Spells: 4/16 levels left

rFire   . . .        a - +0 short sword (flame)
rCold   + . .        (no shield)
rNeg    . . .        I - +0 acid dragon scales
rPois   +            (no helmet)
rElec   .            P - +2 cloak {rCorr}
rCorr   +            (no gloves)
SInv    +            (no barding)
Will    +....        J - amulet of reflection
Stlth   ++           g - ring of flight
HPRegen 0.32/turn    E - ring of protection from cold
MPRegen 0.14/turn

%: reflection
@: flying, very slow
A: AC +3, large, see invisible, deformed body, poison resistance, slowness 2,
spit poison 1, naga tail 1
a: Spit Poison, Renounce Religion, Bend Time, Temporal Distortion, Slouch, Step
From Time


You were on level 5 of the Dungeon.
You worshipped Cheibriados.
Cheibriados was extremely pleased with you.
You visited 1 branch of the dungeon, and saw 8 of its levels.
You also visited: Ossuary.

You collected 936 gold pieces.
You spent 235 gold pieces at shops.

Inventory:

Hand Weapons
 a - a +0 short sword of flaming (weapon)
 b - a +0 dagger of freezing
 m - a +1 mace of protection
 o - a +0 whip of flaming
 w - a +4 short sword
 F - a +0 war axe of flaming
 M - a +4 flail
Missiles
 u - 9 throwing nets
Armour
 i - a +0 robe
 q - a +2 cloak
 y - the +0 ring mail of Aqimiyd {rC+ rN+ SInv}
   (You bought it in a shop on level 1 of the Dungeon)

   rC:        It protects you from cold.
   rN:        It protects you from negative energy.
   SInv:      It lets you see invisible.
 I - +0 acid dragon scales (worn)
 O - a +0 buckler
 P - a +2 cloak of preservation (worn)
Magical Staves
 s - a staff of death
 v - a staff of poison
 D - a staff of earth
Jewellery
 g - a ring of flight (left hand)
 E - a ring of protection from cold (right hand)
 J - an amulet of reflection (around neck)
Wands
 x - a wand of digging (5)
 L - a wand of charming (7)
Scrolls
 d - a scroll of enchant armour {unknown}
 e - 2 scrolls of fear
 f - 2 scrolls of fog
 h - a scroll of enchant weapon
 k - 2 scrolls of brand weapon
 t - a scroll of vulnerability
 A - 4 scrolls of poison
 H - a scroll of magic mapping
 N - a scroll of teleportation
Potions
 c - a potion of brilliance
 j - 6 potions of curing
 l - 3 potions of lignification
 n - 3 potions of flight {unknown}
 p - 2 potions of berserk rage {unknown}
 r - a potion of magic
 z - a potion of ambrosia {unknown}
 B - 3 potions of invisibility
 C - 2 potions of mutation {unknown}
 G - 3 potions of attraction
 K - 2 potions of might


   Skills:
 - Level 1.5 Dodging
 - Level 3.0 Stealth
 + Level 3.8 Spellcasting
 - Level 9.0 Conjurations
 - Level 10.0 Fire Magic
 - Level 7.0 Invocations


You had 4 spell levels left.
You knew the following spells:

 Your Spells              Type           Power      Damage    Failure   Level
a - Foxfire               Conj/Fire      100%       2x1d9     1%          1
b - Scorch                Fire           100%       2d9       1%          2
f - Fireball              Conj/Fire      29%        3d13      4%          5
w - Flame Wave            Conj/Fire      59%        2d14      1%          4

Your spell library contained the following spells:

 Spells                   Type           Power      Damage    Failure   Level
 Inner Flame              Hex/Fire       36%        N/A       3%          3
 Volatile Blastmotes      Fire/Tloc      72%        2d16      3%          3
 Slow                     Hex            20%        N/A       8%          1
 Confusing Touch          Hex            5%         N/A       24%         3
 Vampiric Draining        Necr           5%         2d6       24%         3
 Starburst                Conj/Fire      29%        6d9       24%         6
 Plasma Beam              Fire/Air       18%        2x1d32    83%         6


Dungeon Overview and Level Annotations

Branches:
Dungeon (8/15)             Temple (0/1) D:6         Ossuary (visited)
   Lair: D:8-11

Altars:
Ashenzari
Cheibriados
Fedhas
Hepliaklqana
Qazlal
Trog

Shops:
D:1 !**   D:7 :

Annotations:
D:5 !yak


Innate Abilities, Weirdness & Mutations

Your serpentine skin is tough. (AC +3)
You have supernaturally acute eyesight. (SInv)
Armour fits poorly on your strangely shaped body.
Your system is resistant to poisons. (rPois)
You cover ground very slowly.
You can spit poison.
You have a snake-like lower body.


Message History

A wave of flame ripples out!
The flame wave engulfs the yak!!
The yak is severely wounded.
The flame wave engulfs the yak.
The yak is lightly wounded. (Press . to intensify the flame waves.)
The yak gores you! The yak gores you.
A wave of flame ripples out!
The flame wave engulfs the yak!!
You kill the yak!
Cheibriados appreciates the change of pace.
The flame wave engulfs the yak!
The yak is moderately wounded.
The yak gores you.
A wave of flame ripples out!
The flame wave engulfs the yak!
The yak is heavily wounded.
The flame wave engulfs the yak!
The yak is moderately wounded.
You finish channelling waves of flame.
The yak gores you. You block the yak's attack.
You completely miss the yak.
The yak is heavily wounded.
The yak barely misses you.
You hit the yak but do no damage.
The yak is heavily wounded.
The yak gores you! The yak gores you.
* * * LOW HITPOINT WARNING * * *
The yak gores you!
* * * LOW HITPOINT WARNING * * *
The yak gores you.
* * * LOW HITPOINT WARNING * * *
The yak gores you.
* * * LOW HITPOINT WARNING * * *
You block the yak's attack. The yak gores you!
* * * LOW HITPOINT WARNING * * *
The yak gores you.
* * * LOW HITPOINT WARNING * * *
The yak gores you!
* * * LOW HITPOINT WARNING * * *
The yak gores you!
You die...

##.# #.#..####. #..#
#.#...##.. #.## #.#.#.##.#
###.# #.#.#.##.# #...#
#.#.#.#..# #.### #.#.รท.#.##
********* ##.# #.##....##
*,,,,,,,* #..# #.##.#....
*,,,,,,,* #@## ##.##.....#
*,,,,...####Y######........##
*,,,,.....YYYY.......##.#..#
*,,,,...####.#######.##.#..##
*,,,,,,,,,,#<# #.##......
*********#...# #.##..###.
##..# #.##..# #. #.## #.#...#
## ##* ######...#.# ##


You could see 4 yaks.

Vanquished Creatures
  Pikel (D:5)
  Maurice (D:8)
  Maggie (D:6)
  A hornet (D:8)
  A wyvern (D:7)
  A yak (D:5)
  Menkaure (D:7)
  2 water moccasins
  An ice beast (D:6)
  A wolf (D:8)
  A centaur (D:8)
  3 lemures
  A kobold brigand (D:7)
  3 bullfrogs (D:7)
  5 gnoll sergeants
  7 wights (D:8)
  2 electric eels
  A centaur zombie (Ossuary)
  4 orc priests
  A human zombie (Ossuary)
  5 gnoll boudas
  7 hounds
  Crazy Yiuf (D:2)
  Natasha (thrice) (D:2)
  3 iguanas
  2 orc wizards (D:3)
  2 mummies (Ossuary)
  37 gnolls
  8 adders
  A shadow imp (D:6)
  6 white imps
  An ufetubus (D:5)
  4 worms
  3 dart slugs
  24 orcs
  6 bats
  3 endoplasms
  2 giant cockroaches (D:4)
  6 hobgoblins
  14 jackals
  6 quokkas
  10 ball pythons
  A frilled lizard (D:3)
  3 gnoll zombies (Ossuary)
  3 goblins
  4 goblin zombies (Ossuary)
  3 hobgoblin zombies (Ossuary)
  8 kobolds
  2 orc zombies (Ossuary)
  6 rats
223 creatures vanquished.

Vanquished Creatures (others)
  703 foxfires
703 creatures vanquished.

Grand Total: 926 creatures vanquished

Notes
Turn   | Place    | Note
-------+----------+-------------------------------------------
     0 | D:1      | Cheops the Naga Fire Elementalist began the quest for the
                  | Orb.
     0 | D:1      | Reached XP level 1. HP: 15/15 MP: 3/3
   307 | D:1      | Reached XP level 2. HP: 22/22 MP: 1/5
   508 | D:1      | Found Buwuliga's Assorted Antiques.
   610 | D:1      | Found Norchen's General Store.
   677 | D:1      | Found Culu's Distillery.
  1332 | D:1      | Bought a potion of degeneration for 14 gold pieces
  1349 | D:1      | Bought a scroll of fear for 44 gold pieces
  1366 | D:1      | Bought a potion of curing for 42 gold pieces
  1562 | D:2      | Noticed Natasha
  1569 | D:2      | Learned a level 2 spell: Scorch
  1575 | D:2      | Killed Natasha
  1576 | D:2      | Reached XP level 3. HP: 28/28 MP: 1/7
  1879 | D:2      | Noticed Natasha
  1883 | D:2      | Killed Natasha
  1884 | D:2      | Reached XP level 4. HP: 26/36 MP: 2/8
  2137 | D:2      | Noticed Natasha
  2140 | D:2      | Killed Natasha
  2141 | D:2      | Reached XP level 5. HP: 42/42 MP: 4/9
  2205 | D:2      | Found a runed translucent door.
  2206 | D:2      | Noticed Crazy Yiuf
  2372 | D:2      | Reached skill level 4 in Fire Magic
  2830 | D:2      | Identified the +0 sling "Poconid" {freeze, Drain Will+
                  | Int+3}
  3274 | D:2      | Killed Crazy Yiuf
  3856 | D:3      | Found a hazy altar of Hepliaklqana.
  4039 | D:3      | Found a broken altar of Ashenzari.
  4072 | D:3      | Reached XP level 6. HP: 49/49 MP: 7/10
  4354 | D:3      | Found a snail-covered altar of Cheibriados.
  4432 | D:3      | Became a worshipper of Cheibriados the Contemplative
  4467 | D:3      | Learned a level 4 spell: Flame Wave
  5180 | D:4      | Reached skill level 5 in Conjurations
  5185 | D:4      | Reached * piety under Cheibriados
  5684 | D:1      | Bought an ancient ring mail for 135 gold pieces
  5684 | D:1      | Identified the +0 ring mail of Aqimiyd {rC+ rN+ SInv} (You
                  | bought it in a shop on level 1 of the Dungeon)
  5786 | D:5      | Entered Level 5 of the Dungeon
  5786 | D:5      | Noticed Pikel
  5984 | D:5      | Found a sand-covered staircase.
  5988 | Ossuary  | Entered an ossuary
  6077 | Ossuary  | Reached skill level 5 in Fire Magic
  6218 | Ossuary  | Reached XP level 7. HP: 55/55 MP: 4/11
  6377 | D:5      | Killed Pikel
  6378 | D:5      | Reached skill level 6 in Fire Magic
  6378 | D:5      | Reached XP level 8. HP: 31/62 MP: 1/12
  6631 | D:5      | Noticed a yak
  6631 | D:5      | Noticed a yak
  6631 | D:5      | Noticed a yak
  6631 | D:5      | Noticed a yak
  6631 | D:5      | Noticed a yak
  6632 | D:5      | Noticed a yak
  6645 | D:4      | Learned a level 5 spell: Fireball
  6689 | D:5      | Reached ** piety under Cheibriados
  7140 | D:6      | Reached skill level 7 in Fire Magic
  7212 | D:6      | You are sucked into a shaft and drop 1 floor!
  7843 | D:6      | Reached skill level 8 in Fire Magic
  8006 | D:6      | Noticed Maggie
  8015 | D:6      | Killed Maggie
  8016 | D:6      | Reached XP level 9. HP: 23/68 MP: 0/13
  8187 | D:6      | Found a staircase to the Ecumenical Temple.
  8203 | D:6      | HP: 1/68 [gnoll sergeant/+0 spear (11)]
  8849 | D:7      | Reached skill level 1 in Invocations
  8992 | D:7      | Found Giphey's Tremendous Tomes.
  8992 | D:7      | Noticed Menkaure
  8997 | D:7      | Killed Menkaure
  9154 | D:7      | Reached *** piety under Cheibriados
  9702 | D:8      | Reached skill level 5 in Invocations
  9958 | D:8      | Found a stormy altar of Qazlal.
  9965 | D:8      | Found a blossoming altar of Fedhas.
 10047 | D:8      | Noticed a hornet
 10397 | D:8      | Reached **** piety under Cheibriados
 10549 | D:8      | Killed a hornet
 10550 | D:8      | Reached XP level 10. HP: 75/75 MP: 5/15
 11014 | D:8      | Reached skill level 9 in Fire Magic
 11138 | D:8      | HP: 2/74 [gnoll sergeant/+2 spear of flaming (2)]
 11506 | D:8      | Reached ***** piety under Cheibriados
 11611 | D:8      | Found a bloodstained altar of Trog.
 12113 | D:8      | Noticed Maurice
 12125 | D:8      | Killed Maurice
 12126 | D:8      | Reached skill level 10 in Fire Magic
 12228 | D:8      | Found a blossoming altar of Fedhas.
 12232 | D:8      | Found a stormy altar of Qazlal.
 12560 | D:8      | Found a bloodstained altar of Trog.
 12921 | D:5      | Slain by a yak

Illustrated notes

Levels and vault maps discovered:
D:1:      dpeg_arrival_arbitrary_a, layout_basic, serial_shops,
          nicolae_shop_peninsula, nicolae_shop_back_alley_shop, shop,
          minmay_splitting_lines
D:2:      layout_basic, uniq_natasha, uniq_crazy_yiuf_cottage
D:3:      layout_basic, kennysheep_slug_shrine, mainiacjoe_overflow_brackets,
          evilmike_ruin_ashenzari, minmay_misc_feat_plants
D:4:      layout_cave_pools
D:5:      layout_rooms, nicolae_ossuary_entry_plus, uniq_pikel
D:6:      layout_basic, minmay_temple_entry_poolview,
          kennysheep_decorative_pillar, minivault_14, uniq_maggie
D:7:      layout_basic, nicolae_shop_i_like_big_books, minmay_misc_feat_roman,
          uniq_menkaure
D:8:      layout_cave_pools, grunt_temple_overflow_forces_of_nature,
          serial_gnoll_camp, gnoll_camp_mini_sergeant, gnoll_camp_medium_01,
          gnoll_camp_huts_moat, gnoll_camp_mini_hut, david_defended_altar_orc,
          uniq_maurice

Skill      XL: |  1  2  3  4  5  6  7  8  9 10 |
---------------+-------------------------------+-----
Spellcasting   | 3 |  3.8
Conjurations   | 2 3 4 5 6 8 9 |  9.0
Fire Magic     | 4 5 6 8 10 | 10.0
Invocations    | 7 |  7.0
Dodging        | |  1.5
Stealth        | |  3.0

Action                     |  1- 3 |  4- 6 |  7- 9 | 10-12 || total
---------------------------+-------+-------+-------+-------++-------
  Melee: Unarmed           |     1 |       |       |       ||     1
         Short sword       |    18 |    57 |    67 |    10 ||   152
         Quarterstaff      |       |     3 |       |       ||     3
         Punch             |       |     2 |       |       ||     2
   Cast: Foxfire           |    26 |   136 |   122 |   102 ||   386
         Scorch            |     5 |    22 |    42 |    12 ||    81
         Flame Wave        |       |     1 |     5 |     1 ||     7
         Fireball          |       |       |     3 |     6 ||     9
Ability: Spit Poison       |       |     1 |     1 |       ||     2
    Use: Scroll            |     3 |     7 |     7 |     2 ||    19
         Potion            |       |       |     2 |     1 ||     3
   Stab: Sleeping          |       |       |     2 |       ||     2
 Armour: Robe              |     8 |    47 |    18 |       ||    73
         Acid dragon scale |       |       |    34 |    20 ||    54
  Dodge: Dodged            |    15 |    76 |    70 |    44 ||   205
  Block: Other             |       |       |     7 |    23 ||    30
         Reflection        |       |       |     3 |     3 ||     6
